 Dungeon Crawl Stone Soup version 0.30-a0-374-g95c0257040 (webtiles) character file.

Game seed: 9916222752196569023

1 MackTheKnife the Sneak (level 1, -7/19 HPs)
             Began as an Armataur Delver on Nov 25, 2022.
             Mangled by an ogre
             ... wielding a +0 giant spiked club
              (26 damage)
             ... on level 4 of the Dungeon.
             The game lasted 00:00:27 (69 turns).

MackTheKnife the Sneak (Armataur Delver)              Turns: 69, Time: 00:00:27

Health: -7/19      AC:  4    Str: 17    XL:     1   Next: 16%
Magic:  1/1        EV:  9    Int: 10    God:
Gold:   0          SH:  0    Dex: 11    Spells: 0/0 levels left

rFire   . . .      SeeInvis .    a - +0 hand axe {axe}
rCold   . . .      Faith    .    (no shield)
rNeg    . . .      Spirit   .    b - +0 leather armour
rPois   .          Reflect  .    (no helmet)
rElec   .          Harm     .    (no cloak)
rCorr   .          Roll     +    (no gloves)
Will    .....                    (no barding)
Stlth   +++.......               (no amulet)
HPRegen 0.23/turn                (no ring)
MPRegen 0.07/turn                (no ring)

@: no status effects
A: large, rugged brown scales 3, deformed body, armoured tail, roll, long
tongue, awkward tongue
a: no special abilities


You were on level 4 of the Dungeon.
You visited 1 branch of the dungeon, and saw 2 of its levels.


Innate Abilities, Weirdness & Mutations

You are completely covered in rugged brown scales. (AC +3, +7% HP)
Armour fits poorly on your strangely shaped body.
You have a long armoured tail.
You roll when moving toward enemies. (Rampage)
Your long tongue fully drains potion bottles. (2x potion effects)
Your tongue gives you trouble enunciating. (1.5x scroll delay)


   Skills:
 - Level 2.6 Fighting
 + Level 1.7 Axes
 - Level 1.3 Dodging
 - Level 5.4 Stealth


You couldn't memorise any spells.
You didn't know any spells.
Your spell library was empty.

Inventory:

Hand Weapons
 a - a +0 hand axe (weapon) {axe}
Armour
 b - a +0 leather armour (worn)
Wands
 g - a wand of digging (3)
Scrolls
 c - a scroll of fog
 d - a scroll of magic mapping {!r}
 e - a scroll of fear
 h - a scroll of brand weapon {unknown}
Potions
 f - a potion of haste {@q3}

Dungeon Overview and Level Annotations

Branches:
Dungeon (5/15) Zot: 11929
 Temple: D:4-7

Altars:

Annotations:
D:4 1 exclusion, Pikel

#.# ..#
#.# #.#
..# 5..K.
#.# #....
#######O#
.5..
.!.....@#
...
#######.##
#..
#.......#
#..
#.#####.#
#|.###.#
#.#
#?.(...#
#.#
##.###.#
#.# ...
#.#####.#
####
#.......#


You could see an ogre.


Message History

🤖 Initializing magus.rc ...
Options error: Delay interrupt name "hungry" not recognised. (~/.crawlrc:4771) Options error: Bad monster_list_colour key: strict_neutral (~/.crawlrc:4786) Bad channel name for runrest: 'pray:' ✅ Successfully initialized magus.rc [v1.9.6] Welcome, MackTheKnife the Armataur Delver.
They say the Orb of Zot lies within this dungeon, but they say a lot of things.
Press ? for a list of commands and other information.
Found a scroll labelled NEUSUL BYARUK.
Found a stone staircase leading down.
h - a scroll labelled NEUSUL BYARUK
Found a stone staircase leading up.
A hound comes into view.
You can't go up here!
There is a stone staircase leading up here.
The hound barks!
You climb upwards.
There is a stone staircase leading down here.
You roll towards the giant cockroach!
You roll towards the giant cockroach!
You hit the giant cockroach.
The giant cockroach bites you but does no damage.
You slash the giant cockroach!
You kill the giant cockroach!
No target in view!
There is a stone staircase leading down here.
Pikel and 2 lemures come into view.
Pikel is wielding a +0 whip of flaming.
You see here 4 stones {throwing}.
Unknown command.
An ogre comes into view. It is wielding a +0 giant spiked club.
You roll towards the ogre!
The helpless ogre fails to defend itself.
You slash the ogre!
The ogre hits you with a +0 giant spiked club!!
Ouch! That really hurt!
You die...

Action                   || total
-------------------------++-------
Melee: Hand axe          ||     3
 Stab: Sleeping          ||     1
Armor: Leather armour    ||     1

Levels and vault maps discovered:
D:4:      layout_loops_ring, nicolae_underground_beach, uniq_pikel, uniq_natasha
D:5:      layout_basic, mainiacjoe_overflow_boulevard,
          nicolae_overflow_quartered_altars, gammafunk_ghost_split,
          serial_shops, nicolae_shop_statue_plus, item_on_display_a,
          uniq_edmund, uniq_prince_ribbit1

Notes
Turn   | Place    | Note
-------+----------+-------------------------------------------
     0 | D:5      | MackTheKnife the Armataur Delver began the quest for the
                  | Orb.
     0 | D:5      | Reached XP level 1. HP: 19/19 MP: 1/1
     0 | D:5      | magus.rc [v1.9.6]
    19 | D:5      | Noticed a hound
    52 | D:4      | Noticed Pikel
    52 | D:4      | Noticed a lemure
    52 | D:4      | Noticed a lemure
    67 | D:4      | Noticed an ogre
    69 | D:4      | Mangled by an ogre

Vanquished Creatures
  A giant cockroach (D:4)
1 creature vanquished.

Table legend:
 A = Non-vault XP
 B = Vault XP
 C = Vault XP percentage of total XP
 D = Non-vault monster count
 E = Vault monster count
 F = Vault count percentage of total count
                 A         B        C        D         E       F
            +---------+---------+-------+---------+---------+-------
      Total |       2 |       0 |   0.0 |       1 |       0 |   0.0
            +---------+---------+-------+---------+---------+-------
        D:4 |       2 |       0 |   0.0 |       1 |       0 |   0.0
            +---------+---------+-------+---------+---------+-------

Illustrated notes

Table legend:
 A = Kills in this place as a percentage of kills in entire the game.
 B = Kills by you in this place as a percentage of kills by you in the entire game.
 C = Kills by friends in this place as a percentage of kills by friends in the entire game.
 D = Other kills in this place as a percentage of other kills in the entire game.
 E = Experience gained in this place as a percentage of experience gained in the entire game.
 F = Experience gained in this place divided by the number of levels of this place that you have seen.
                   A       B       C       D       E      F
               +-------+-------+-------+-------+-------+----------------------
         Total | 100.0 | 100.0 |   N/A |   N/A | 100.0 |   1.0
       Dungeon | 100.0 | 100.0 |   N/A |   N/A | 100.0 |   1.0
               +-------+-------+-------+-------+-------+----------------------

Table legend: (Time is in decaauts)
 A = Elapsed time spent in this place.
 B = Non-inter-level travel time spent in this place.
 C = Inter-level travel time spent in this place.
 D = Time resting spent in this place.
 E = Time spent auto-exploring this place.
 F = Levels seen in this place.
 G = Mean time per level.
                   A        B        C        D        E       F      G
               +--------+--------+--------+--------+--------+-----+--------+
         Total |     69 |     65 |      4 |      0 |     46 |   2 |   34.5 |
       Dungeon |     69 |     65 |      4 |      0 |     46 |   2 |   34.5 |
               +--------+--------+--------+--------+--------+-----+--------+

Top non-repeatable levels by time:
     D:4: 46 daAuts
     D:5: 23 daAuts
